AoeStats
← Destiny

Highland

506443702Analyzed
3v3 RM · 20d ago on Sep 13, 2026· 57m 21s· 6 players
Game mode
Random Map
Map size
Normal (6 player)
Population
200
Speed
Normal
Resources
Standard
Victory
Conquest
Starting age
Dark Age
Ending age
Imperial Age
RankedLock teamsTeams togetherTeam positionsShared explorationLock speedFull tech treeHidden civsTurbo modeCheats
Victory
Defeat
🇵🇱 Vietnamese · Poland
1037
+8
🇵🇱 Portuguese · Poland
852
+15
🇵🇱 Turks · Poland
704
+20
🇪🇸 Saracens · Spain
869
-16
🇪🇸 Spanish · Spain
854
-15
🇪🇸 Inca · Spain
757
-12
#iNFANTES6#
5:27 Loom
11:22 Feudal Age
13:11 Double-Bit Axe
14:33 Fishing Lines
18:49 Castle Age
18:55 Gold Mining
20:08 Horse Collar
21:47 Wheelbarrow
22:07 Fletching
22:27 Forging
23:39 Gillnets
28:44 Hand Cart
30:14 Iron Casting
29:45 Scale Barding Armor
30:35 Husbandry
31:32 Gold Shaft Mining
33:07 Chain Barding Armor
33:37 Bodkin Arrow
33:57 Town Watch
38:33 Imperial Age
37:40 Bow Saw
38:34 Bloodlines
37:44 Light Cavalry
40:30 Blast Furnace
39:35 Hussar
40:40 Stone Mining
41:03 Caravan
41:48 Conscription
42:38 Two-Man Saw
43:04 Chemistry
42:28 Ballistics
43:22 Elite Mameluke
46:51 Plate Barding Armor
47:02 Heavy Plow
47:21 Bracer
indy
11:26 Feudal Age
11:59 Double-Bit Axe
17:19 Castle Age
18:58 Horse Collar
19:31 Bow Saw
20:14 Wheelbarrow
20:08 Town Watch
20:48 Stone Mining
22:12 Gold Mining
31:27 Fletching
31:38 Padded Archer Armor
34:14 Imperial Age
35:25 Conscription
36:18 Chemistry
35:39 Ballistics
35:54 Leather Archer Armor
38:49 Elite Skirmisher
43:07 Murder Holes
53:57 Hand Cart
Raymckein
15:25 Feudal Age
14:34 Loom
Vargazz
13:05 Feudal Age
11:21 Loom
20:29 Castle Age
21:57 Double-Bit Axe
21:54 Horse Collar
22:12 Fletching
24:14 Wheelbarrow
25:50 Town Watch
26:31 Medium Warships
27:05 Padded Archer Armor
27:59 Hand Cart
29:36 Thumb Ring
28:54 Crossbowman
29:31 Bodkin Arrow
30:57 Thumb Ring
30:54 Padded Archer Armor
32:59 Leather Archer Armor
32:20 Elite Skirmisher
33:15 Thumb Ring
39:47 Imperial Age
37:28 Bow Saw
37:20 Heavy Plow
37:11 Gold Mining
37:12 Stone Mining
37:35 Forging
39:57 Ballistics
39:52 Arbalester
40:34 Bracer
41:36 Chemistry
39:59 Capped Ram
41:10 Paper Money
42:06 Siege Engineers
41:57 Murder Holes
42:58 Ring Archer Armor
43:46 Crop Rotation
45:25 Town Patrol
46:02 Iron Casting
45:04 Imperial Skirmisher
46:48 Elite Rattan Archer
48:03 Bombard Tower
48:13 Chatras
48:20 Scale Barding Armor
48:56 Squires
48:43 Arson
51:00 Light Cavalry
53:03 Elite Fire Lancer
53:05 Pikeman
54:21 Scale Mail Armor
56:19 Chain Mail Armor
Destiny
4:11 Loom
11:03 Feudal Age
11:39 Double-Bit Axe
20:30 Castle Age
21:54 Bow Saw
21:52 Horse Collar
26:22 Fletching
26:45 Forging
27:47 Bodkin Arrow
32:45 Imperial Age
32:42 Iron Casting
32:44 Ballistics
33:20 Elite Organ Gun
37:23 Bracer
37:25 Padded Archer Armor
38:37 Blast Furnace
39:37 Capped Ram
43:38 Chemistry
44:08 Leather Archer Armor
50:04 Two-Man Saw
FrankeN
12:59 Feudal Age
15:06 Double-Bit Axe
23:14 Horse Collar
23:31 Gold Mining
23:31 Stone Mining
28:37 Castle Age
Connection lost

Rejoining the realm…

Still unreachable

The connection could not be restored.

Session expired

The server has moved on; the page needs a fresh start.